Map: Ascension to Aiur LE

Players

Creature - Winner!

  • Race: Protoss Protoss
  • Spawn Location: 11:00

HuShang

  • Race: Protoss Protoss
  • Spawn Location: 5:00

Event: WCS Montreal 2017

VOD

Have the link to the VOD?

Description

Time

  • Played on: Sept. 8, 2017, 1:16 p.m.
  • Length: 13:23

All games in this series

Show
View Real Time Build Order
Export as new Build Order

Creature Protoss - Winner!

Build Orders: Archon Immortal 

Get SALT Encoding   

  12  0:01  Probe (Chrono Boost)  
  13  0:12  Probe (Chrono Boost)  
  14  0:18  Pylon  
  14  0:22  Probe (Chrono Boost)  
  15  0:36  Probe (Chrono Boost), Gateway  
  16  0:46  Probe (Chrono Boost)  
  16  0:48  Assimilator  
  17  0:52  Assimilator  
  17  0:57  Probe (Chrono Boost)  
  18  1:06  Gateway  
  18  1:08  Probe (Chrono Boost)  
  20  1:18  Probe (Chrono Boost)  
  20  1:23  Cybernetics Core  
  20  1:29  Probe (Chrono Boost)  
  20  1:31  Pylon  
  21  1:39  Probe (Chrono Boost)  
  22  1:50  Probe (Chrono Boost)  
  23  1:59  Warp Gate (Chrono Boost)  
  23  2:00  Adept x2  
  27  2:03  Mothership Core (Chrono Boost)  
  27  2:06  Pylon  
  29  2:30  Stalker x2  
  33  2:49  Nexus  
  33  2:54  Pylon  
  33  2:57  Probe  
  34  3:03  Sentry  
  36  3:09  Sentry  
  36  3:12  Probe  
  39  3:20  Twilight Council  
  39  3:24  Probe  
  38  3:36  Probe  
  38  3:40  Robotics Facility  
  37  3:49  Probe  
  37  3:55  Stalker  
  40  3:59  Probe  
  40  4:01  Probe  
  42  4:10  Probe  
  42  4:13  Probe, Blink (Chrono Boost)  
  44  4:20  Probe  
  44  4:23  Stalker  
  45  4:28  Probe  
  45  4:31  Probe  
  46  4:35  Observer  
  48  4:40  Probe  
  48  4:41  Probe  
  48  4:45  Gateway  
  50  4:46  Gateway  
  50  4:52  Probe x2  
  52  5:02  Nexus  
  52  5:04  Probe x2  
  52  5:05  Pylon  
  54  5:11  Observer  
  54  5:13  Assimilator  
  55  5:16  Probe x2  
  55  5:17  Assimilator  
  57  5:21  Forge  
  57  5:28  Probe  
  58  5:31  Probe, Stalker  
  61  5:38  Adept  
  63  5:43  Probe  
  63  5:44  Probe  
  63  5:47  Pylon  
  65  5:50  Immortal (Chrono Boost)  
  65  5:55  Probe, Protoss Ground Weapons Level 1  
  70  6:01  Pylon  
  70  6:03  Probe  
  70  6:07  Probe  
  70  6:11  Charge, Pylon  
  72  6:15  Stalker  
  72  6:17  Stalker x2  
  76  6:21  Stalker  
  76  6:24  Stalker  
  79  6:29  Pylon  
  79  6:31  Pylon  
  79  6:35  Immortal (Chrono Boost)  
  79  6:37  Probe  
  84  6:44  Stalker x2  
  78  6:51  Stalker  
  78  6:52  Stalker  
  80  6:54  Probe  
  80  6:58  Probe  
  80  6:59  Probe  
  80  7:00  Pylon  
  83  7:06  Probe  
  84  7:09  Probe  
  84  7:10  Pylon  
  84  7:11  Photon Cannon  
  85  7:17  Templar Archives  
  85  7:19  Probe  
  85  7:20  Probe, Immortal (Chrono Boost)  
  91  7:24  Probe  
  92  7:32  Probe  
  92  7:33  Gateway  
  92  7:34  Gateway  
  92  7:35  Probe x2  
  94  7:38  Assimilator  
  94  7:42  Assimilator  
  94  7:44  Probe  
  96  7:45  Pylon  
  96  7:46  Zealot  
  96  7:47  Probe  
  99  7:53  Warp Prism (Chrono Boost)  
  99  7:57  High Templar x2, Zealot  
  107  8:00  Pylon  
  107  8:03  Pylon  
  107  8:04  Archon  
  107  8:13  Probe  
  107  8:14  Zealot  
  110  8:24  Observer (Chrono Boost)  
  111  8:30  Probe, Nexus  
  111  8:33  Probe  
  112  8:37  Zealot  
  112  8:38  Zealot x5  
  112  8:39  Immortal (Chrono Boost)  
  125  8:42  Probe  
  125  8:47  Pylon  
  130  8:50  Protoss Ground Weapons Level 2 (Chrono Boost), Pylon  
  130  8:51  Pylon  
  130  8:59  Dark Shrine  
  130  9:02  High Templar x2  
  134  9:03  High Templar x2  
  134  9:05  Probe  
  134  9:07  Photon Cannon, Probe  
  134  9:09  Archon x2  
  140  9:12  High Templar  
  140  9:13  High Templar  
  142  9:18  Gateway, Archon  
  142  9:19  Gateway  
  142  9:21  Gateway  
  142  9:28  Warp Prism  
  140  9:32  Probe  
  140  9:36  Probe  
  140  9:38  Photon Cannon, Probe  
  136  9:44  Zealot x4  
  141  9:46  Probe  
  141  9:47  Zealot  
  139  9:55  Zealot  
  137  10:09  Probe  
  138  10:16  High Templar x4  
  138  10:17  High Templar x2, Zealot x2  
  138  10:18  Zealot  
  156  10:22  Photon Cannon  
  156  10:23  Forge  
  156  10:24  Archon x3  
  156  10:26  Immortal  
  156  10:27  Assimilator x2  
  156  10:28  Gateway  
  156  10:31  Gateway  
  160  10:36  Gateway  
  160  10:40  Pylon  
  160  10:52  Zealot x4  
  160  10:53  Zealot x5  
  178  10:58  Pylon  
  178  11:00  Pylon  
  176  11:04  Photon Cannon  
  176  11:22  Zealot x5  
  176  11:23  Zealot  
  174  11:26  Zealot  
  174  11:27  Immortal  
  174  11:28  Zealot x2  
  162  11:47  Zealot x3  
  162  11:48  Zealot x6  
  132  12:11  Zealot x9  
  132  12:13  Immortal  
  142  12:33  High Templar  
  142  12:34  High Templar x8  
  142  12:35  High Templar  
  142  12:36  High Templar x2  
  166  12:39  Archon x4  
  166  12:40  Archon  
  128  13:14  Zealot x6  
  128  13:15  Zealot x6  
Show
View Real Time Build Order
Export as new Build Order

HuShang Protoss 

Build Orders: Blink Stalkers 

Get SALT Encoding   

  12  0:01  Probe (Chrono Boost)  
  13  0:11  Probe (Chrono Boost)  
  14  0:18  Pylon  
  14  0:22  Probe (Chrono Boost)  
  15  0:36  Probe (Chrono Boost)  
  15  0:38  Gateway  
  16  0:43  Assimilator  
  16  0:47  Probe (Chrono Boost)  
  17  0:51  Assimilator  
  17  0:58  Probe (Chrono Boost)  
  18  1:08  Probe (Chrono Boost)  
  18  1:09  Gateway  
  19  1:19  Probe (Chrono Boost)  
  19  1:25  Cybernetics Core  
  20  1:29  Probe (Chrono Boost)  
  21  1:33  Pylon  
  22  1:40  Probe (Chrono Boost)  
  22  1:50  Probe (Chrono Boost)  
  23  2:01  Probe (Chrono Boost)  
  24  2:02  Stalker x2, Warp Gate (Chrono Boost)  
  28  2:09  Pylon  
  28  2:15  Mothership Core  
  30  2:32  Stalker x2  
  34  2:59  Nexus  
  34  3:05  Sentry  
  36  3:09  Probe  
  37  3:17  Pylon  
  37  3:21  Probe  
  37  3:22  Twilight Council  
  38  3:33  Probe  
  38  3:40  Robotics Facility  
  38  3:46  Probe (Chrono Boost)  
  39  3:54  Blink (Chrono Boost)  
  39  3:57  Probe (Chrono Boost)  
  40  4:08  Probe  
  40  4:09  Probe  
  41  4:14  Stalker  
  44  4:20  Probe x2, Phoenix  
  46  4:29  Observer  
  46  4:30  Probe  
  47  4:32  Probe  
  47  4:33  Stalker  
  51  4:41  Probe  
  51  4:44  Probe  
  53  4:46  Pylon  
  53  4:50  Sentry  
  53  4:51  Probe  
  55  4:57  Probe  
  55  4:59  Gateway  
  57  5:00  Gateway  
  57  5:04  Pylon  
  57  5:05  Probe  
  58  5:09  Probe, Warp Prism (Chrono Boost)  
  61  5:17  Probe  
  61  5:21  Probe, Stalker x2  
  67  5:28  Pylon  
  67  5:30  Probe  
  67  5:33  Probe  
  69  5:36  Assimilator  
  69  5:40  Assimilator  
  69  5:42  Probe  
  70  5:45  Probe  
  71  5:52  Nexus  
  71  5:59  Probe x2  
  73  6:05  Forge  
  73  6:07  Stalker x2  
  77  6:15  Probe  
  78  6:24  Stalker x2  
  82  6:33  Probe x2  
  84  6:41  Stalker x2  
  76  6:49  Protoss Ground Weapons Level 1 (Chrono Boost), Charge  
  76  6:53  Stalker x2  
  76  7:00  Probe x2  
  78  7:03  Immortal (Chrono Boost)  
  78  7:06  Probe  
  79  7:11  Sentry x2  
  79  7:12  Probe x2  
  85  7:18  Probe  
  86  7:24  Probe x2  
  86  7:28  Gateway  
  86  7:29  Templar Archives, Gateway  
  88  7:30  Probe, Gateway x2  
  88  7:36  Probe x2  
  91  7:42  Probe  
  96  7:48  Probe x2  
  96  7:50  Warp Prism (Chrono Boost)  
  96  7:54  Probe  
  96  7:56  Photon Cannon  
  96  7:57  Photon Cannon  
  97  8:00  Photon Cannon  
  97  8:02  Pylon  
  97  8:04  Pylon  
  97  8:05  Assimilator  
  97  8:06  High Templar x2  
  97  8:09  Assimilator  
  101  8:15  Archon  
  101  8:22  High Templar x2, Pylon x2  
  101  8:26  Zealot x3, Pylon  
  101  8:27  Zealot, Archon, Pylon  
  113  8:30  Protoss Ground Weapons Level 2  
  113  8:33  Immortal (Chrono Boost)  
  117  8:41  Pylon  
  117  8:42  Zealot x2  
  117  8:43  Pylon  
  121  9:00  High Templar x2, Nexus, Pylon  
  125  9:03  Zealot  
  125  9:04  Zealot  
  125  9:06  Zealot  
  131  9:11  Archon  
  131  9:25  Dark Shrine  
  131  9:26  Zealot x3  
  131  9:27  Zealot x3  
  143  9:37  Photon Cannon  
  143  9:40  Photon Cannon  
  143  9:42  Zealot x2  
  147  9:47  High Templar x4  
  147  9:50  Photon Cannon  
  147  9:51  Archon x2  
  145  10:03  Zealot x4  
  135  10:24  Gateway  
  135  10:28  Gateway  
  135  10:32  High Templar  
  135  10:33  High Templar x5  
  135  10:34  Zealot x2  
  151  10:41  Photon Cannon  
  151  10:43  Photon Cannon x2  
  151  10:47  Photon Cannon  
  151  10:48  Photon Cannon  
  151  10:52  Photon Cannon x2  
  151  10:54  Pylon x2  
  151  10:57  Pylon  
  151  11:03  Archon  
  151  11:04  Archon  
  151  11:10  Archon  
  151  11:12  Zealot x8  
  131  11:35  High Templar x2  
  131  11:36  High Templar x4  
  131  11:38  Zealot x2, Immortal (Chrono Boost)  
  145  11:40  Archon x2  
  145  11:41  Archon  
  145  11:45  Photon Cannon  
  145  11:49  Pylon  
  145  11:50  Pylon  
  141  11:56  Zealot x2  
  141  11:58  Zealot  
  141  12:00  Zealot  
  141  12:01  Zealot x3  
  104  12:08  Zealot x2  
  104  12:09  Zealot x4  
  104  12:13  Immortal (Chrono Boost)  
  99  12:22  High Templar x4  
  99  12:27  Archon x2  
  99  12:30  Zealot x6  
  79  12:51  High Templar x2  
  79  12:52  Zealot x4  
  79  12:56  Zealot x4  
  95  12:59  Archon  
  79  13:13  Zealot x4  
  79  13:16  Zealot x4  
Tags
 
Add a new tag
Caveats
  • Supply blocks, unpowered buildings, or Contaminate may cause inaccurate times.
  • Supply counts are checked every 10 seconds.